 Dungeon Crawl Stone Soup version 0.29.1-2-gbd0b4ee654 (webtiles) character file.

Game seed: 12167378071156748132

8792 PhantomBowie the Basher (level 11, 0/102 HPs)
             Began as a Minotaur Berserker on Nov 21, 2022.
             Was an Elder of Trog.
             Asphyxiated
             ... on level 10 of the Dungeon.
             The game lasted 00:27:58 (10990 turns).

PhantomBowie the Basher (Minotaur Berserker)       Turns: 10990, Time: 00:27:59

Health: 0/102      AC: 19    Str: 27    XL:     11   Next: 14%
Magic:  10/10      EV: 15    Int:  4    God:    Trog [****..]
Gold:   479        SH:  0    Dex:  9    Spells: 10/10 levels left

rFire   . . .      SeeInvis +   v - +2 dire flail (protect)
rCold   . . .      Faith    .   (shield currently unavailable)
rNeg    . . .      Spirit   .   w - +0 chain mail
rPois   .          Reflect  .   x - +2 hat
rElec   .          Harm     .   I - +0 cloak
rCorr   .          Rampage  .   o - +1 Delatra's gloves {ID++}
Will    .....                   K - +0 pair of boots
Stlth   ..........              (no amulet)
HPRegen 0.27/turn               s - ring of see invisible
MPRegen 0.12/turn               C - +4 ring of evasion

@: lethally poisoned (0 -> -13), on berserk cooldown, slowed, very slow
A: horns 2, retaliatory headbutt
a: Renounce Religion, Berserk, Trog's Hand, Brothers in Arms


You were on level 10 of the Dungeon.
You worshipped Trog.
Trog was greatly pleased with you.
You visited 2 branches of the dungeon, and saw 11 of its levels.

You collected 479 gold pieces.

Inventory:

Hand Weapons
 v - a +2 dire flail of protection (weapon)
Armour
 o - the +1 Delatra's gloves (worn) {ID++}
   (You found it on level 3 of the Dungeon)

   It heals its wearer when they drink unknown potions.
   It restores its wearer's MP when they read unknown scrolls.
 w - a +0 chain mail (worn)
 x - a +2 hat (worn)
 I - a +0 cloak (worn)
 K - a +0 pair of boots (worn)
Jewellery
 s - a ring of see invisible (left hand)
 C - a +4 ring of evasion (right hand)
 D - an amulet of magic regeneration
Wands
 a - a wand of digging (5)
 f - a wand of flame (19)
 u - a wand of quicksilver (9)
Scrolls
 d - 6 scrolls of magic mapping
 e - 3 scrolls of enchant weapon
 j - a scroll of identify
 k - 3 scrolls of vulnerability
 n - a scroll of acquirement {unknown}
 p - a scroll of summoning {unknown}
 q - 2 scrolls of enchant armour {unknown}
 t - 3 scrolls of butterflies
 y - a scroll of fear {unknown}
 B - a scroll of immolation {unknown}
 F - a scroll of poison {unknown}
 H - a scroll of blinking {unknown}
Potions
 b - 2 potions of might
 c - 2 potions of resistance {unknown}
 g - a potion of heal wounds {unknown}
 h - 4 potions of attraction {unknown}
 i - a potion of degeneration {unknown}
 l - 7 potions of curing
 m - 4 potions of lignification
 r - 5 potions of haste
 z - a potion of experience {unknown}
 A - a potion of ambrosia {unknown}
 E - a potion of magic {unknown}
 J - 2 potions of brilliance {unknown}


   Skills:
 + Level 11.0 Fighting
 + Level 11.0 Maces & Flails
 + Level 10.7 Armour
 + Level 9.8 Dodging


You had 10 spell levels left.
You didn't know any spells.
Your spell library was empty.

Dungeon Overview and Level Annotations

Branches:
Dungeon (10/15)            Temple (1/1) D:7            Lair (0/5) D:8
    Orc (0/2) D:9

Altars:
Ashenzari
Cheibriados
Dithmenos
Elyvilon
Fedhas
Gozag
Hepliaklqana
Kikubaaqudgha
Makhleb
Okawaru
Qazlal
Ru
Sif Muna
Trog
Uskayaw
Vehumet
Wu Jian
Xom
Zin
The Shining One

Annotations:
D:9 6 transporters
D:10 Josephine, Sonja


Innate Abilities, Weirdness & Mutations

You have a pair of horns on your head.
You reflexively headbutt those who attack you in melee.


Message History

Sonja barely misses you.
You miss Sonja.
You feel sick. Sonja hits you but does no damage. Space warps around you.
Sonja hits you with a +2 short sword of distortion.
Space warps around you. Sonja completely misses you.
You barely miss Sonja. Your headbutt misses Sonja.
You feel sick. Sonja hits you but does no damage.
Space warps horribly around you! Sonja misses you. x2
You barely miss Sonja.
You feel sick.
Sonja gestures wildly while chanting.
Sonja blinks!
You feel sick.
You feel a strong urge to attack something.
You feel sick.
You feel sick.
You feel your anger nearly subside.
You are no longer berserk.
You are exhausted.
You feel as though you will be slow longer.
You feel sick. Sonja hits you but does no damage. x2
Space warps horribly around you!
* * * LOW HITPOINT WARNING * * *
Sonja hits you but does no damage. Space warps around you.
* * * LOW HITPOINT WARNING * * *
Sonja barely misses you.
Sonja hits you with a +2 short sword of distortion.
* * * LOW HITPOINT WARNING * * *
Sonja hits you but does no damage. Space warps horribly around you.
* * * LOW HITPOINT WARNING * * *
You feel sick. Sonja closely misses you. Sonja hits you but does no damage.
You blink.
You feel sick.
You are no longer poisoned.
There is a stone staircase leading up here.
You barely miss Sonja.
Sonja gestures wildly while chanting.
Sonja blinks!
Sonja throws a curare-tipped dart.
The curare-tipped dart hits you.
You are lethally poisoned!
You have difficulty breathing.
You die...

....# #...## ##..
##..###....####..##
#...#....##.....#
#...............##
##................##
#...##.............#
#...........##.....###.
#.........)............
##........#K...ยง@......#
#....######..########..#
..#### #..# # ...# #..#
...# #..# ....# #..#
....# #..# .....# ......#


You could see Sonja.

Vanquished Creatures
  A two-headed ogre (D:10)
  A cyclops (D:8)
  Maurice (D:9)
  3 unseen horror zombies (D:9)
  A gargoyle (D:8)
  Maggie (D:7)
  A komodo dragon (D:7)
  Grinder (D:3)
  Prince Ribbit (D:5)
  Sigmund (D:2)
  A vampire (D:9)
  A wyvern (D:10)
  2 shadows
  2 wraiths
  4 vampire mosquitoes
  A steam dragon (D:7)
  Edmund (D:4)
  An acid dragon (D:10)
  4 water moccasins
  A sky beast (D:8)
  A black bear (D:8)
  2 centaurs
  2 phantoms
  2 kobold brigands
  3 bullfrogs
  5 scorpions
  11 wights
  A necrophage (D:7)
  7 killer bees
  2 howler monkeys (D:9)
  4 centaur zombies (D:9)
  3 hounds
  6 orc priests
  A human zombie (D:9)
  6 jellies
  Ijyb (D:3)
  4 iguanas
  A gnoll bouda (D:7)
  Natasha (twice) (D:2)
  2 orc wizards
  2 mummies (D:9)
  A howler monkey zombie (D:9)
  8 gnolls
  5 adders
  A white imp (D:8)
  2 worms
  3 dart slugs
  26 orcs
  3 bats
  7 endoplasms
  3 giant cockroaches
  3 goblins
  6 hobgoblins
  4 jackals (D:4)
  A quokka (D:4)
  4 ball pythons
  9 kobolds
  5 rats
189 creatures vanquished.

Vanquished Creatures (others)
  38 plants (D:8)
38 creatures vanquished.

Grand Total: 227 creatures vanquished

Notes
Turn   | Place    | Note
-------+----------+-------------------------------------------
     0 | D:1      | PhantomBowie the Minotaur Berserker began the quest for the
                  | Orb.
     0 | D:1      | Reached XP level 1. HP: 19/19 MP: 0/0
   214 | D:1      | Reached XP level 2. HP: 20/27 MP: 1/1
   677 | D:1      | Found a faded altar of an unknown god.
  1069 | D:2      | Noticed Sigmund
  1082 | D:2      | Killed Sigmund
  1083 | D:2      | Reached XP level 3. HP: 23/35 MP: 2/2
  1083 | D:2      | Reached XP level 4. HP: 27/41 MP: 3/3
  1083 | D:2      | Reached XP level 5. HP: 31/47 MP: 4/4
  1213 | D:2      | Noticed Natasha
  1223 | D:2      | Killed Natasha
  1369 | D:2      | Noticed Natasha
  1988 | D:2      | Killed Natasha
  1989 | D:2      | Reached skill level 5 in Fighting
  1989 | D:2      | Reached skill level 5 in Maces & Flails
  2362 | D:3      | Found the +1 Delatra's gloves {ID++}
  2371 | D:3      | Reached ** piety under Trog
  2372 | D:3      | Reached XP level 6. HP: 56/56 MP: 5/5
  2453 | D:3      | Noticed Ijyb
  2462 | D:3      | Killed Ijyb
  2941 | D:3      | Noticed Grinder
  2948 | D:3      | Killed Grinder
  2949 | D:3      | Reached skill level 5 in Armour
  2949 | D:3      | Reached XP level 7. HP: 62/62 MP: 6/6
  3811 | D:4      | Reached skill level 5 in Dodging
  4226 | D:4      | Noticed Edmund
  4413 | D:4      | Killed Edmund
  4758 | D:4      | Reached XP level 8. HP: 68/71 MP: 7/7
  4911 | D:5      | Entered Level 5 of the Dungeon
  5422 | D:5      | Reached *** piety under Trog
  5505 | D:5      | Noticed Prince Ribbit
  5541 | D:5      | Killed Prince Ribbit
  5931 | D:6      | Found a white marble altar of Elyvilon.
  5933 | D:6      | Found an opulent altar of Gozag.
  5933 | D:6      | Found a bloodstained altar of Trog.
  5962 | D:6      | Reached XP level 9. HP: 77/81 MP: 8/8
  6396 | D:6      | Found a glowing golden altar of the Shining One.
  6684 | D:7      | Found a radiant altar of Vehumet.
  6685 | D:7      | Noticed Maggie
  6703 | D:7      | Killed Maggie
  7177 | D:7      | Found a staircase to the Ecumenical Temple.
  7182 | Temple   | Entered the Ecumenical Temple
  8076 | D:8      | Noticed a gargoyle
  8087 | D:8      | Killed a gargoyle
  8634 | D:8      | Noticed a cyclops
  8644 | D:8      | Killed a cyclops
  8645 | D:8      | Reached XP level 10. HP: 91/91 MP: 9/9
  8992 | D:8      | Found a staircase to the Lair.
  9362 | D:9      | Found a transporter.
  9368 | D:9      | Found a transporter.
  9548 | D:9      | Noticed Maurice
  9565 | D:9      | Killed Maurice
  9566 | D:9      | Reached skill level 10 in Fighting
  9566 | D:9      | Reached skill level 10 in Maces & Flails
  9856 | D:9      | Found a staircase to the Orcish Mines.
 10026 | D:9      | Found a transporter.
 10026 | D:9      | Found a transporter.
 10184 | D:9      | Found a transporter.
 10191 | D:9      | Found a transporter.
 10272 | D:9      | Found an ancient bone altar of Kikubaaqudgha.
 10290 | D:9      | Reached skill level 10 in Armour
 10303 | D:9      | Reached **** piety under Trog
 10444 | D:10     | Entered Level 10 of the Dungeon
 10615 | D:10     | Noticed Josephine
 10649 | D:9      | Reached XP level 11. HP: 71/100 MP: 10/10
 10829 | D:10     | Noticed a two-headed ogre
 10861 | D:10     | Killed a two-headed ogre
 10971 | D:10     | Noticed Sonja
 10988 | D:10     | HP: 5/102 [poisoned by Sonja (curare-tipped dart)]
 10990 | D:10     | Asphyxiated

Illustrated notes

Levels and vault maps discovered:
D:1:      elethiomel_arrival_shortcut, layout_basic,
          hellmonk_ecumenical_altar_inner_sanctum,
          chequers_serial_rivers_micro_d, minmay_heptomino_l4
D:2:      layout_loops_ring, uniq_sigmund, uniq_natasha
D:3:      layout_basic, uniq_ijyb, uniq_grinder
D:4:      layout_cave_pods, minmay_misc_feat_secret_circle, minmay_between,
          uniq_edmund
D:5:      layout_gridville, hex_large, uniq_prince_ribbit1
D:6:      layout_basic, mainiacjoe_overflow_surrounded_room,
          nicolae_overflow_hidden_temple
D:7:      layout_basic, nicolae_vehumet_radiance, temple_doors_e, uniq_maggie
D:8:      layout_gridville, david_lair_shrubbed, corexii_corridor_pit
D:9:      layout_stronghold, lemuel_mausoleum_altar_kikubaaqudgha, orc_0_dummy,
          serial_nicolae_subway, nicolae_sub_station_stone,
          nicolae_sub_station_metal, nicolae_sub_station_crystal, uniq_maurice
D:10:     layout_layer_cave, gammafunk_temple_overflow_statue, uniq_sonja,
          uniq_josephine
Temple:   nicolae_temple_great_sept

Skill      XL: |  1  2  3  4  5  6  7  8  9 10 11 |
---------------+----------------------------------+-----
Fighting       | 4 5 6 7 9 10 11 | 11.0
Maces & Flails | 4 5 6 7 9 10 11 | 11.0
Armour         | 4 5 6 7 9 10 | 10.7
Dodging        | 3 4 5 6 8 9 |  9.8

Action                   |  1- 3 |  4- 6 |  7- 9 | 10-12 || total
-------------------------+-------+-------+-------+-------++-------
Melee: Mace              |    42 |    51 |       |       ||    93
       Punch             |     1 |     1 |     2 |       ||     4
       Headbutt          |     5 |    14 |    50 |    30 ||    99
       Flail             |       |    30 |    66 |       ||    96
       Dire flail        |       |       |   176 |   174 ||   350
Invok: Berserk           |       |     2 |     5 |     3 ||    10
Evoke: Wand              |       |       |       |     3 ||     3
  Use: Scroll            |       |       |     8 |     2 ||    10
Armor: Animal skin       |     7 |       |       |       ||     7
       Ring mail         |     1 |    13 |       |       ||    14
       Scale mail        |       |     3 |    28 |       ||    31
       Chain mail        |       |       |    91 |    72 ||   163
Dodge: Dodged            |    18 |    31 |   138 |   127 ||   314
